 Dungeon Crawl Stone Soup version 0.31-a0-1620-gcbf77bbcfc (webtiles) character file.

Game seed: 4590869965797659385

9418 runemasterragnar the Grappler (level 11, -1/109 HPs)
             Began as a Troll Shapeshifter on Jan 11, 2024.
             Slain by a manticore (5 damage)
             ... on level 11 of the Dungeon.
             The game lasted 00:12:12 (8814 turns).

runemasterragnar the Grappler (Troll Shapeshifter)  Turns: 8814, Time: 00:12:12

Health: -1/109     AC:  8    Str: 28    XL:     11   Next: 22%
Magic:  10/10      EV: 10    Int:  6    God:
Gold:   442        SH:  0    Dex:  9    Spells: 10/10 levels left

rFire   . .          .
                       - Unarmed
rCold   . . .        (no shield)
rNeg    + . .        H - +0 acid dragon scales
rPois   +            (helmet currently unavailable)
rElec   .            (cloak currently unavailable)
rCorr   +            (gloves unavailable)
SInv    .            (boots unavailable)
Will    .....        (no amulet)
Stlth   +            y - ring of poison resistance
HPRegen 1.18/turn    t - ring of positive energy
MPRegen 0.12/turn

%: no passive effects
@: beast-form, hasted, very quick
A: beast (slay +4), large, unfitting armour, claws 3, regeneration 1, shaggy fur
1, tough skin 1
a: Begin Untransformation


You were on level 11 of the Dungeon.
You were a hulking beast.
You visited 2 branches of the dungeon, and saw 12 of its levels.

You collected 442 gold pieces.

Inventory:

Hand Weapons
 u - the +7 whip "Usap" {venom, rPois rCorr Str+3}
   (You found it on level 4 of the Dungeon)

   Str+3:     It affects your strength (+3).
   rPois:     It protects you from poison rCorr: It protects you from acid and
   corrosion.
 L - a +2 scimitar of flaming
Missiles
 k - 4 throwing nets (quivered)
Armour
 a - a +0 animal skin
 F - the +1 cloak of True Grit {-Tele rC+ Int+4}
   (You found it on level 9 of the Dungeon)

   Int+4:     It affects your intelligence (+4).
   rC+:       It protects you from cold.
   -Tele:     It prevents most forms of teleportation.
 H - +0 acid dragon scales (worn)
Jewellery
 j - a ring of resist corrosion
 l - a ring of fire
 t - a ring of positive energy (right claw)
 x - a ring of fire
 y - a ring of poison resistance (left claw)
 K - a ring of fire
 O - a ring of flight
Talismans
 d - a flux talisman
 D - a beast talisman (active)
Wands
 c - a wand of mindburst (7)
 n - a wand of flame (21)
 q - a wand of iceblast (5)
 B - a wand of charming (9)
 J - a wand of polymorph (7)
Scrolls
 f - 3 scrolls of blinking
 g - 2 scrolls of enchant weapon
 h - 2 scrolls of enchant armour {unknown}
 m - 3 scrolls of fear
 p - a scroll of vulnerability {unknown}
 z - 5 scrolls of teleportation
 E - 2 scrolls of noise {unknown}
 G - a scroll of immolation {unknown}
 N - a scroll of revelation
Potions
 b - a potion of mutation {unknown}
 e - 3 potions of heal wounds
 i - a potion of ambrosia
 o - 3 potions of curing
 s - 2 potions of attraction
 v - a potion of lignification
 w - 2 potions of cancellation
 A - a potion of degeneration
 C - a potion of invisibility {unknown}
 I - a potion of magic {unknown}
 M - 2 potions of brilliance
 P - a potion of resistance {unknown}


   Skills:
 + Level 7.1 Fighting
 + Level 2.8 Armour
 - Level 5.2 Dodging
 + Level 8.9 Unarmed Combat
 + Level 4.7 Evocations
 * Level 8.8 Shapeshifting


You had 10 spell levels left.
You didn't know any spells.
Your spell library contained the following spells:

 Spells                   Type           Power      Damage    Failure   Level
 Freeze                   Ice            0%         1d3       52%         1
 Ensorcelled Hibernation  Hex/Ice        0%         N/A       65%         2
 Frozen Ramparts          Ice            0%         1d1       87%         3
 Gell's Gravitas          Tloc           0%         N/A       87%         3
 Hailstorm                Conj/Ice       0%         3d5       87%         3
 Ozocubu's Armour         Ice            0%         N/A       87%         3
 Passwall                 Erth           0%         N/A       87%         3
 Swiftness                Air            0%         N/A       87%         3
 Teleport Other           Tloc           0%         N/A       87%         3
 Manifold Assault         Tloc           0%         N/A       99%         4
 Vhi's Electric Charge    Tloc/Air       0%         N/A       99%         4
 Arcjolt                  Conj/Air       0%         1d10      100%        5
 Metabolic Englaciation   Hex/Ice        0%         N/A       100%        5
 Dispersal                Tloc           0%         N/A       100%        6
 Plasma Beam              Fire/Air       0%         2x1d10    100%        6
 Sculpt Simulacrum        Ice/Alch       0%         N/A       100%        6
 Disjunction              Tloc           0%         N/A       100%        8


Dungeon Overview and Level Annotations

Branches:
Dungeon (11/15)            Temple (1/1) D:4
   Lair: D:8-11         Orc: D:9-12

Altars:
Ashenzari
Cheibriados
Dithmenos
Elyvilon
Fedhas
Gozag
Hepliaklqana
Kikubaaqudgha
Makhleb
Nemelex Xobeh
Okawaru
Qazlal
Ru
Sif Muna
Trog
Uskayaw
Vehumet
Wu Jian
Xom
Yredelemnul
Zin
The Shining One

Shops:
D:5 (

Annotations:
D:5 2 transporters, gdog's ghost, weakling GnDe


Innate Abilities, Weirdness & Mutations

You are a hulking beast.
Your limbs bulge with bestial killing power. (Slay +4)
You are too large for most types of armour.
You have claws for hands.
Your natural rate of healing is unusually fast.
You are covered in fur. (AC +1)
You have tough skin. (AC +1)


Message History

The manticore claws you. The manticore claws you!
You scratch the manticore. You claw the manticore!
The manticore is moderately wounded.
You carefully extract the barbed spikes from your body.
The manticore bites you!
The manticore claws you but does no damage.
The manticore closely misses you.
You scratch the manticore. You claw the manticore.
The manticore is moderately wounded.
You scratch the manticore.
The manticore is heavily wounded.
The manticore bites you! The manticore claws you. x2
You claw the manticore!
The manticore is severely wounded.
The manticore bites you. The manticore claws you. The manticore claws you!
* * * LOW HITPOINT WARNING * * *
You closely miss the manticore.
The manticore is severely wounded.
The manticore bites you!
* * * LOW HITPOINT WARNING * * *
The manticore claws you but does no damage.
The manticore claws you.
* * * LOW HITPOINT WARNING * * *
Unknown command.
You feel much better. The manticore bites you. The manticore claws you! x2
* * * LOW HITPOINT WARNING * * *
Okay, then.
You scratch the manticore but do no damage.
The manticore is heavily wounded.
The manticore bites you!!
* * * LOW HITPOINT WARNING * * *
The manticore barely misses you. x2
You feel much better. The manticore bites you.
* * * LOW HITPOINT WARNING * * *
The manticore barely misses you. The manticore claws you!
* * * LOW HITPOINT WARNING * * *
You feel yourself speed up. The manticore bites you!
* * * LOW HITPOINT WARNING * * *
The manticore claws you.
You die...

#...#......<#.#.#
#.....##....#.#.#
#.....##......#.##### #
#.....##.######.....# #
#.....##.#......##.## .
++####.)......#.####.##.# #
..~.......#######.# ##.##.# #
..≈.......#.H...#.# #.....# #
..≈......H..#h....###..#######
.≈≈≈........#.#...........##..
.≈≈≈≈....##)#.##.......##.##(#
≈≈≈≈≈....#..#.##.......##.##.#
~≈≈≈≈≈......#.##.......##....#
.≈≈≈~.........##.......#######
..≈.....########.......# #
.......................# #
.............##........#######


You could see a manticore.

Vanquished Creatures
  2 two-headed ogres
  Erica (D:9)
  Maurice (D:7)
  3 trolls
  Prince Ribbit (D:5)
  Sigmund (D:2)
  16 yaks
  A wyvern (D:10)
  A slime creature (D:10)
  2 wraiths
  An acid dragon (D:9)
  Duvessa (D:5)
  A water moccasin (D:9)
  3 orc warriors
  2 ice beasts
  4 black bears
  A centaur (D:6)
  3 kobold brigands (D:7)
  2 bullfrogs (D:8)
  A scorpion (D:5)
  9 wights
  Dowan (D:5)
  3 killer bees (D:7)
  2 howler monkeys (D:10)
  4 jellies
  A bombardier beetle (D:6)
  A hound (D:5)
  A sleepcap (D:8)
  A gnoll bouda (D:6)
  An orc priest (D:6)
  Crazy Yiuf (D:4)
  Jessica (D:3)
  7 iguanas
  Ijyb (D:3)
  12 orc wizards
  Robin (D:3)
  3 gnolls
  9 adders
  3 white imps
  7 dart slugs
  2 ribbon worms
  27 orcs
  10 endoplasms
  3 giant cockroaches
  12 goblins
  12 hobgoblins
  6 quokkas
  7 ball pythons
  7 bats
  3 frilled lizards
  8 kobolds
  9 rats
223 creatures vanquished.

Notes
Turn   | Place    | Note
-------+----------+-------------------------------------------
     0 | D:1      | runemasterragnar the Troll Shapeshifter began the quest for
                  | the Orb.
     0 | D:1      | Reached XP level 1. HP: 18/18 MP: 0/0
    75 | D:1      | Reached skill level 1 in Fighting
   110 | D:1      | Reached XP level 2. HP: 25/27 MP: 1/1
   358 | D:1      | Reached XP level 3. HP: 28/33 MP: 2/2
   765 | D:2      | Noticed Sigmund
   813 | D:2      | Noticed a black bear
   820 | D:2      | Killed a black bear
   821 | D:2      | Reached XP level 4. HP: 22/44 MP: 3/3
   821 | D:2      | Reached XP level 5. HP: 25/50 MP: 4/4
   847 | D:2      | Killed Sigmund
   848 | D:2      | Reached XP level 6. HP: 12/61 MP: 5/5
  1272 | D:3      | Noticed Ijyb
  1293 | D:3      | Killed Ijyb
  1402 | D:3      | Found a glowing silver altar of Zin.
  1544 | D:3      | Noticed Jessica
  1549 | D:3      | Killed Jessica
  1550 | D:3      | Reached skill level 5 in Unarmed Combat
  1815 | D:3      | Noticed Robin
  1830 | D:3      | Killed Robin
  2271 | D:4      | Found an opulent altar of Gozag.
  2311 | D:4      | Identified the +7 whip "Usap" {venom, rPois rCorr Str+3}
  2314 | D:4      | Found a glowing golden altar of the Shining One.
  2328 | D:4      | Reached XP level 7. HP: 67/67 MP: 6/6
  2434 | D:4      | Found a staircase to the Ecumenical Temple.
  2440 | Temple   | Entered the Ecumenical Temple
  2661 | D:4      | Found a runed translucent door.
  2662 | D:4      | Noticed Crazy Yiuf
  3011 | D:4      | Killed Crazy Yiuf
  3131 | D:5      | Entered Level 5 of the Dungeon
  3160 | D:5      | Reached skill level 1 in Evocations
  3190 | D:5      | Found a transporter.
  3191 | D:5      | Noticed gdog's ghost (weakling GnDe)
  3193 | D:5      | Noticed Dowan
  3194 | D:5      | Noticed Duvessa
  3197 | D:5      | Found a transporter.
  3214 | D:5      | Killed Duvessa
  3219 | D:5      | Killed Dowan
  3388 | D:5      | Noticed Prince Ribbit
  3419 | D:5      | Reached XP level 8. HP: 76/78 MP: 7/7
  3423 | D:5      | Killed Prince Ribbit
  3482 | D:5      | Found Cakleed's Weapon Shop.
  3691 | D:5      | Found a white marble altar of Elyvilon.
  3697 | D:5      | Found an iron altar of Okawaru.
  4302 | D:5      | Reached skill level 5 in Fighting
  4749 | D:6      | Reached skill level 5 in Shapeshifting
  4976 | D:7      | Reached XP level 9. HP: 82/88 MP: 8/8
  5549 | D:7      | Noticed Maurice
  5552 | D:7      | Maurice stole a ring of fire
  5555 | D:7      | Maurice stole a beast talisman
  5556 | D:7      | Maurice stole the +7 whip "Usap" {venom, rPois rCorr Str+3}
  5557 | D:7      | Maurice stole 2 throwing nets
  5561 | D:7      | Killed Maurice
  6358 | D:8      | Reached XP level 10. HP: 33/98 MP: 9/9
  6363 | D:8      | Reached skill level 5 in Dodging
  6698 | D:9      | Identified the +1 cloak of True Grit {-Tele rC+ Int+4}
  7170 | D:9      | Noticed Erica
  7183 | D:9      | Killed Erica
  7184 | D:9      | Reached skill level 1 in Armour
  7517 | D:9      | Noticed a lindwurm
  7517 | D:9      | Noticed a lindwurm
  7542 | D:9      | Noticed a lindwurm
  7557 | D:9      | Noticed a lindwurm
  7587 | D:10     | Entered Level 10 of the Dungeon
  7618 | D:10     | Noticed a two-headed ogre
  7624 | D:10     | Killed a two-headed ogre
  7735 | D:10     | Found a blossoming altar of Fedhas.
  7735 | D:10     | Found an ornate altar of the Wu Jian Council.
  7806 | D:10     | Found a hazy altar of Hepliaklqana.
  8121 | D:10     | Found a stormy altar of Qazlal.
  8177 | D:10     | Reached XP level 11. HP: 91/107 MP: 10/10
  8275 | D:10     | Found a burning altar of Makhleb.
  8633 | D:11     | Noticed a two-headed ogre
  8641 | D:11     | Killed a two-headed ogre
  8814 | D:11     | HP: 4/109 [manticore (15)]
  8814 | D:11     | Slain by a manticore

Illustrated notes

Levels and vault maps discovered:
D:1:      scummos_arrival_gate, layout_loops_ring
D:2:      layout_rooms, minmay_tetromino_s2, uniq_sigmund
D:3:      layout_loops_ring, overflow_temple_1_default, uniq_robin, uniq_ijyb,
          uniq_jessica
D:4:      layout_basic, grunt_gozag_breadcrumbs, nicolae_overflow_crystal_walls,
          minmay_temple_entry_arrows, uniq_crazy_yiuf_cottage
D:5:      layout_cave_pools, mainiacjoe_overflow_big_doors, serial_shops, shop,
          gammafunk_ghost_mausoleum, grunt_ministairs_13, uniq_duvessa,
          uniq_prince_ribbit1
D:6:      layout_basic, st_stairs_13, kennysheep_generic_room_14
D:7:      layout_loops_ring, minmay_misc_feat_cross, minmay_unpleasant_kobolds,
          uniq_maurice
D:8:      layout_rooms
D:9:      layout_small_grid, minmay_lindwurm_lava, uniq_erica
D:10:     layout_loops_corners, nicolae_qazlal_scattered_showers,
          old_standard_altar, lightli_temple_of_fire,
          gammafunk_temple_overflow_statue, hangedman_decor_clover_reticule
D:11:     argonaut_augean_stables, layout_basic, lair_entry_dummy,
          nicolae_trove_entry_crossroad
Temple:   minmay_temple_bridge_abc

Skill      XL: |  1  2  3  4  5  6  7  8  9 10 11 |
---------------+----------------------------------+-----
Fighting       | 1 2 3 4 5 6 7 |  7.1
Dodging        | 2 3 4 5 |  5.2
Unarmed Combat | 4 5 6 7 8 |  8.9
Shapeshifting  | 4 5 6 8 |  8.8
Evocations     | 1 2 3 4 |  4.7
Armour         | 2 |  2.8

Action                     |  1- 3 |  4- 6 |  7- 9 | 10-12 || total
---------------------------+-------+-------+-------+-------++-------
  Melee: Unarmed           |    66 |   133 |   255 |   149 ||   603
         Punch             |     2 |     1 |    11 |     8 ||    22
         Whip              |       |       |    55 |       ||    55
  Evoke: Wand              |       |       |       |     3 ||     3
    Use: Potion            |     3 |       |       |     3 ||     6
         Scroll            |       |       |     9 |     3 ||    12
   Stab: Sleeping          |     1 |     1 |       |       ||     2
 Armour: Animal skin       |    42 |   104 |   269 |    69 ||   484
         Skin              |    55 |    14 |    11 |       ||    80
         Acid dragon scale |       |       |       |    84 ||    84
  Dodge: Dodged            |    31 |    68 |   160 |    49 ||   308
   Form: Beast             |       |       |     1 |       ||     1
         Flux              |       |       |     1 |       ||     1

Table legend: (Time is in decaauts)
 A = Elapsed time spent in this place.
 B = Non-inter-level travel time spent in this place.
 C = Inter-level travel time spent in this place.
 D = Time resting spent in this place.
 E = Time spent auto-exploring this place.
 F = Levels seen in this place.
 G = Mean time per level.
                   A        B        C        D        E       F      G
               +--------+--------+--------+--------+--------+-----+--------+
         Total |   8723 |   8379 |    344 |   1043 |   5755 |  12 |  726.9 |
       Dungeon |   8697 |   8353 |    344 |   1043 |   5755 |  11 |  790.6 |
        Temple |     25 |     25 |      0 |      0 |      0 |   1 |   25.0 |
               +--------+--------+--------+--------+--------+-----+--------+

Top non-repeatable levels by time:
     D:5: 1305 daAuts
     D:7: 1198 daAuts
    D:10: 998 daAuts
     D:4: 966 daAuts
     D:3: 871 daAuts
     D:9: 845 daAuts
     D:1: 695 daAuts
     D:8: 563 daAuts
     D:2: 523 daAuts
     D:6: 509 daAuts
    D:11: 221 daAuts
  Temple: 25 daAuts
